cohdb
Replays
Latest Replays
All Replays
Popular Replays
Top Player Replays
Match Explorer
How It Works
Community
CoH3 Stats
Reddit
Sign in to upload your games and track your stats! →
Sign in with Steam
3 Panthers vs 2 Salvaged Tigers
Match 36624788
Overview
Messages
Build Orders
End
Kettenkrad Recon Vehicle
Construct Infanterie Kompanie
MG 42 Machine Gun Team
MG 42 Machine Gun Team
Construct Panzergrenadier Kompanie
Grenadier Squad
Pak 40 Anti-tank Gun Team
Forward Retreat Point
Support Elements
251 Medium Carrier
Nebelwerfer 42 Rocket Launcher Team
StuG III G Assault Gun
Nebelwerfer 42 Rocket Launcher Team
Panzergrenadier Squad
Panzergrenadier Squad
Pioneer Squad
StuG III G Assault Gun
MG 42 Bunker
Pioneer Squad
Selects Breakthrough Battlegroup
Selects Rapid Production
Selects Blitzkrieg
StuG III G Assault Gun
Kettenkrad Recon Vehicle
Blitzkrieg
Pioneer Squad
Selects Tiger Heavy Tank
Tiger Heavy Tank
StuG III G Assault Gun
Panzergrenadier Squad
Blitzkrieg
AI Takeover
BT-7274
Jd577
kzvs1nyx
Cloaksville
Albator*99
Lairet
fondu3
terry
0
0
Comments
sign in to comment!
No comments posted yet!